 Dungeon Crawl Stone Soup version 0.31-a0-986-g5e6e4ef867 (webtiles) character file.

Game seed: 6301804652366159531

85 LeprechaunX the Changeling (level 4, -1/29 HPs)
             Began as an Octopode Shapeshifter on Nov 22, 2023.
             Slain by a gnoll
             ... wielding a +0 club
             ... led by a gnoll bouda
              (7 damage)
             ... on level 3 of the Dungeon.
             The game lasted 00:01:17 (1794 turns).

LeprechaunX the Changeling (Octopode Shapeshifter)  Turns: 1794, Time: 00:01:19

Health: -1/29      AC:  1    Str: 13    XL:     4   Next: 48%
Magic:  4/4        EV: 13    Int: 12    God:
Gold:   128        SH:  0    Dex: 13    Spells: 3/3 levels left

rFire   + .          .
                       - Unarmed
rCold   . . .        (no shield)
rNeg    . . .        (helmet currently unavailable)
rPois   .            (no amulet)
rElec   .            j - ring of protection from fire
rCorr   .            (no ring)
SInv    .            (no ring)
Will    .....        (no ring)
Stlth   ++           (no ring)
HPRegen 0.24/turn    (no ring)
MPRegen 0.09/turn    (no ring)
                     (no ring)

%: no passive effects
@: beast-form, weakened
A: beast (slay +2), almost no armour, amphibious, 8 rings, camouflage 1,
gelatinous body 1, (nimble swimmer 1), tentacles
a: Begin Untransformation


You were on level 3 of the Dungeon.
You were a hulking beast.
You visited 1 branch of the dungeon, and saw 3 of its levels.

You collected 128 gold pieces.

Inventory:

Hand Weapons
 a - a +0 sling of freezing
Jewellery
 j - a ring of protection from fire (left tentacle)
Talismans
 b - a beast talisman
 c - a flux talisman
Wands
 i - a wand of polymorph (10)
Scrolls
 d - a scroll of fear {unknown}
Potions
 e - a potion of cancellation {unknown}
 f - a potion of magic {unknown}
 g - a potion of brilliance {unknown}
 h - 2 potions of lignification


   Skills:
 + Level 2.0 Fighting
 - Level 2.0 Dodging
 + Level 3.5 Unarmed Combat
 + Level 0.8 Evocations
 * Level 4.0 Shapeshifting


You had 3 spell levels left.
You didn't know any spells.
Your spell library contained the following spells:

 Spells                   Type           Power      Damage    Failure   Level
 Shock                    Conj/Air       0%         1d3       32%         1
 Slow                     Hex            0%         N/A       32%         1
 Confusing Touch          Hex            0%         N/A       69%         3
 Hailstorm                Conj/Ice       0%         3d3       69%         3
 Sigil of Binding         Hex            0%         N/A       69%         3
 Swiftness                Air            0%         N/A       69%         3
 Vampiric Draining        Necr           0%         2d6       69%         3
 Airstrike                Air            0%         2d(0-16)  97%         4
 Summon Ice Beast         Ice/Summ       0%         N/A       97%         4
 Simulacrum               Ice/Necr       0%         N/A       100%        6


Dungeon Overview and Level Annotations

Branches:
Dungeon (3/15)

Altars:

Annotations:
D:3 Natasha


Innate Abilities, Weirdness & Mutations

You are a hulking beast.
Your limbs bulge with bestial killing power. (Slay +2)
You cannot wear most types of armour.
You are amphibious.
You can wear up to eight rings at the same time.
Your skin changes colour to match your surroundings (Stealth+).
Your rubbery body absorbs attacks. (AC +1, EV +1)
((You are camouflaged when in or above water. (Stealth+)))
You have tentacles for arms and can constrict up to eight enemies at once.


Message History

A frilled lizard comes into view.
Natasha hisses angrily.
The frilled lizard hisses angrily.
A gnoll comes into view. It is wielding a +0 spear.
The gnoll bouda barks out a call to the hunt!
The gnolls pick up the pace!
A gnoll comes into view. It is wielding a +0 club.
The gnoll shouts!
You barely miss Natasha.
The gnoll shouts!
You grab Natasha. You squeeze Natasha.
Natasha is lightly wounded.
You constrict Natasha, but do no damage.
Natasha stares at you and mumbles some strange words.
The magic dart hits you!
You tentacle-slap Natasha. You squeeze Natasha!
Natasha is severely wounded.
You constrict Natasha. Natasha claws you.
Unknown command.
You tentacle-slap Natasha.
Natasha is almost dead.
You constrict Natasha.
You kill Natasha!
Natasha screams in pain as she dies!
Your Fighting skill increases to level 2!
Your Shapeshifting skill increases to level 4!
Natasha, Servant of Life and Death comes into view.
Unknown command.
The gnoll bouda gazes fiercely through you!
You feel your attacks grow feeble.
The gnoll bouda gazes fiercely through you!
You feel as though you will be weak longer.
Natasha closely misses you. The gnoll attacks as it pursues you!
The gnoll closely misses you. The gnoll attacks as it pursues you!
The gnoll hits you from afar with a +0 halberd!
Natasha stares at you and mumbles some strange words.
The magic dart hits you!
* * * LOW HITPOINT WARNING * * *
The gnoll hits you with a +0 club!
You die...

... #.....# ###### ....
###.....# #.......... .<...
.......#### #..........
......###........####..........
......)........................
.###.####g..........#.....)....
###.g.gh.......... ......
......l.g..#...##.###.#...
......###.h.....#....†.....
.......# #...#...#.....#'##.
.......# #...†...#.#####.##.
.>.....# ##..........##...##
######## #......##+##.....#
#.....## ##...## #....## ##.##.
####+# #'+.. ##.##.


You could see a gnoll bouda, Natasha, 3 gnolls and a frilled lizard.

Vanquished Creatures
  Natasha (D:3)
  3 adders
  4 dart slugs (D:1)
  An endoplasm (D:1)
  A giant cockroach (D:1)
  A goblin (D:2)
  2 hobgoblins (D:1)
  A quokka (D:2)
  3 ball pythons (D:1)
  2 bats (D:1)
  3 frilled lizards
  4 kobolds
  5 rats
31 creatures vanquished.

Notes
Turn   | Place    | Note
-------+----------+-------------------------------------------
     0 | D:1      | LeprechaunX the Octopode Shapeshifter began the quest for
                  | the Orb.
     0 | D:1      | Reached XP level 1. HP: 13/13 MP: 1/1
   287 | D:1      | Reached XP level 2. HP: 18/18 MP: 2/2
   830 | D:2      | Reached XP level 3. HP: 23/23 MP: 3/3
  1726 | D:3      | Reached XP level 4. HP: 25/29 MP: 4/4
  1778 | D:3      | Noticed Natasha
  1787 | D:3      | Killed Natasha
  1788 | D:3      | Reached skill level 4 in Shapeshifting
  1789 | D:3      | Noticed Natasha
  1794 | D:3      | Slain by a gnoll

Illustrated notes

Levels and vault maps discovered:
D:1:      psy_arrival_conway, layout_loops_ring, dreamdust_mushroom_princess,
          minmay_hexomino_u4
D:2:      layout_loops_corners
D:3:      layout_basic, nicolae_hexahallways, uniq_robin, uniq_natasha,
          uniq_sigmund

Skill      XL: |  1  2  3  4 |
---------------+-------------+-----
Fighting       | 2 |  2.0
Shapeshifting  | 4 |  4.0
Dodging        | |  2.0
Unarmed Combat | |  3.5
Evocations     | |  0.8

Action                     |  1- 3 |  4- 6 || total
---------------------------+-------+-------++-------
  Melee: Unarmed           |    47 |     4 ||    51
         Constrict         |    14 |     1 ||    15
         Tentacles         |     6 |     2 ||     8
         Punch             |     1 |       ||     1
   Stab: Sleeping          |     7 |     1 ||     8
 Armour: Skin              |    10 |     5 ||    15
  Dodge: Dodged            |    18 |     2 ||    20

Table legend: (Time is in decaauts)
 A = Elapsed time spent in this place.
 B = Non-inter-level travel time spent in this place.
 C = Inter-level travel time spent in this place.
 D = Time resting spent in this place.
 E = Time spent auto-exploring this place.
 F = Levels seen in this place.
 G = Mean time per level.
                   A        B        C        D        E       F      G
               +--------+--------+--------+--------+--------+-----+--------+
         Total |   1789 |   1674 |    115 |      0 |   1491 |   3 |  596.3 |
       Dungeon |   1789 |   1674 |    115 |      0 |   1491 |   3 |  596.3 |
               +--------+--------+--------+--------+--------+-----+--------+

Top non-repeatable levels by time:
     D:2: 837 daAuts
     D:1: 790 daAuts
     D:3: 161 daAuts
